 Dungeon Crawl Stone Soup version 0.31.0-11-ge490571c62 (webtiles) character file.

Game seed: 4170352198971999576

459 KKCryptic the Ruffian (level 6, -2/64 HPs)
             Began as a Demonspawn Shapeshifter on Feb 10, 2024.
             Slain by Menkaure (9 damage)
             ... on level 4 of the Dungeon.
             The game lasted 00:10:26 (3232 turns).

KKCryptic the Ruffian (Demonspawn Shapeshifter)     Turns: 3232, Time: 00:10:27

Health: -2/64      AC: 23    Str: 16    XL:     6   Next: 78%
Magic:  6/6        EV:  2    Int: 11    God:
Gold:   112        SH:  0    Dex: 12    Spells: 5/5 levels left

rFire   . .          .
                       - Unarmed
rCold   . . .        (no shield)
rNeg    . . .        f - melded +0 plate armour
rPois   +            (helmet currently unavailable)
rElec   .            j - melded +0 cloak
rCorr   .            h - melded +0 pair of gloves
SInv    .            (boots currently unavailable)
Will    .....        (no amulet)
Stlth   +            (no ring)
HPRegen 0.30/turn    (no ring)
MPRegen 0.10/turn

%: no passive effects
@: tree-form
A: stationary, stasis, torment immunity, boosted hp, (claws 1), (spiny 1),
(sturdy frame 2)
a: no special abilities


You were on level 4 of the Dungeon.
You were a tree.
You visited 1 branch of the dungeon, and saw 4 of its levels.

You collected 112 gold pieces.

Inventory:

Missiles
 m - 3 poisoned darts (quivered)
 n - 6 datura-tipped darts
Armour
 a - a +0 animal skin
 f - a +0 plate armour (melded)
 h - a +0 pair of gloves (melded)
 j - a +0 cloak (melded)
 r - +0 fire dragon scales
Talismans
 c - a beast talisman (active)
 d - a flux talisman
Scrolls
 i - a scroll of vulnerability
 p - a scroll of noise {unknown}
 q - a scroll of revelation {unknown}
 s - a scroll of silence {unknown}
 u - a scroll of fog {unknown}
 v - a scroll of enchant armour {unknown}
Potions
 b - a potion of lignification
 e - a potion of cancellation
 k - a potion of mutation
 l - a potion of magic
 o - 3 potions of attraction


   Skills:
 - Level 1.0 Fighting
 - Level 1.7 Dodging
 + Level 5.3 Unarmed Combat
 + Level 5.0 Shapeshifting


You had 5 spell levels left.
You didn't know any spells.
Your spell library contained the following spells:

 Spells                   Type           Power      Damage    Failure   Level
 Call Canine Familiar     Summ           0%         N/A       71%         3
 Fugue of the Fallen      Necr           0%         N/A       71%         3
 Hailstorm                Conj/Ice       0%         3d5       71%         3
 Ozocubu's Armour         Ice            0%         N/A       71%         3
 Sigil of Binding         Hex            0%         N/A       71%         3
 Summon Ice Beast         Ice/Summ       0%         N/A       71%         3
 Dimensional Bullseye     Hex/Tloc       0%         N/A       98%         4
 Manifold Assault         Tloc           0%         N/A       98%         4
 Vhi's Electric Charge    Tloc/Air       0%         N/A       98%         4
 Arcjolt                  Conj/Air       0%         1d10      100%        5
 Plasma Beam              Fire/Air       0%         2x1d10    100%        6
 Sculpt Simulacrum        Ice/Alch       0%         N/A       100%        6


Dungeon Overview and Level Annotations

Branches:
Dungeon (4/15)
 Temple: D:4-7

Altars:
Wu Jian

Annotations:
D:4 Menkaure


Innate Abilities, Weirdness & Mutations

You are a tree.
Your roots penetrate the ground, keeping you stationary.
You cannot be teleported.
You are immune to unholy pain and torment.
Your maximum health is greatly increased.
Your equipment is partially melded.
((You have sharp fingernails.))
((You are partially covered in sharp spines.))
((Your movements are less encumbered by armour. (ER -4)))


Message History

Found an ornate altar of the Wu Jian Council.
Found 15 stones.
You see here a +0 quarterstaff.
There is an ornate altar of the Wu Jian Council here.
Menkaure is nearby!
Found a coppery potion.
Menkaure casts a spell at you.
You barely resist.
Found a stone staircase leading up.
Menkaure casts a spell.
Menkaure seems to speed up.
Menkaure calls on the powers of darkness!
Your body is wracked with pain!
You scratch Menkaure but do no damage. Menkaure hits you!
You scratch Menkaure.
Menkaure is lightly damaged.
Menkaure is struck by your spines. Menkaure hits you but does no damage.
You scratch Menkaure.
Menkaure is lightly damaged.
Menkaure rustles, "It doesn't hurt if you pull your brain out of your nose yourself."
Menkaure barely misses you.
You barely miss Menkaure.
Menkaure is lightly damaged.
Menkaure barely misses you.
You claw Menkaure!
Menkaure is severely damaged.
Menkaure casts a spell at you. Pain shoots through your body!
* * * LOW HITPOINT WARNING * * *
Okay, then.
Okay, then.
Your transformation has ended.
Your +0 cloak unmelds from your body.
Your +0 pair of gloves unmelds from your body.
You turn into a tree.
Your +0 cloak melds into your body.
Your +0 pair of gloves melds into your body.
Your +0 plate armour melds into your body.
Your roots penetrate the ground.
Menkaure hits you but does no damage. Menkaure hits you!
You die...

##.#### ##.#.# #.#
#..## #.# ###.## ##.#
.#.<# #..# . ....# #..#
... ....#######..##
#...#
.##...........####..!.#
####............♣M...#
# ##.................#
# #...)..............#
##....#####...........
##.....# ##.......<..
##......# #....#.....
#......## ##.#####...
....#..# #.# #..
..####.#


You could see Menkaure (fast).

Vanquished Creatures
  A black bear (D:3)
  An ogre (D:4)
  A jelly (D:4)
  Crazy Yiuf (D:3)
  Natasha (thrice) (D:3)
  3 gnolls (D:2)
  6 adders
  A dart slug (D:2)
  A ribbon worm (D:3)
  4 orcs
  3 endoplasms
  3 giant cockroaches
  2 goblins
  4 hobgoblins
  3 jackals (D:2)
  5 kobolds
  3 quokkas
  7 ball pythons
  7 bats
  4 frilled lizards
  8 rats
71 creatures vanquished.

Notes
Turn   | Place    | Note
-------+----------+-------------------------------------------
     0 | D:1      | KKCryptic the Demonspawn Shapeshifter began the quest for
                  | the Orb.
     0 | D:1      | Reached XP level 1. HP: 15/15 MP: 1/1
   193 | D:1      | Gained mutation: You have sharp fingernails. [demonic
                  | ancestry]
   193 | D:1      | Reached XP level 2. HP: 21/21 MP: 2/2
   810 | D:2      | Gained mutation: Your movements are slightly less
                  | encumbered by armour. (ER -2) [demonic ancestry]
   810 | D:2      | Reached XP level 3. HP: 25/26 MP: 3/3
  1050 | D:2      | Gained mutation: You are partially covered in sharp spines.
                  | [demonic ancestry]
  1050 | D:2      | Reached XP level 4. HP: 19/32 MP: 4/4
  1577 | D:3      | Noticed Natasha
  1583 | D:3      | Killed Natasha
  1727 | D:3      | Noticed a black bear
  1739 | D:3      | Killed a black bear
  1740 | D:3      | Gained mutation: Your movements are less encumbered by
                  | armour. (ER -4) [demonic ancestry]
  1740 | D:3      | Reached XP level 5. HP: 19/37 MP: 5/5
  1869 | D:3      | Noticed Natasha
  1879 | D:3      | Killed Natasha
  1957 | D:3      | Noticed Natasha
  1965 | D:3      | Killed Natasha
  1966 | D:3      | Reached XP level 6. HP: 28/43 MP: 6/6
  2234 | D:3      | Found a runed translucent door.
  2235 | D:3      | Noticed Crazy Yiuf
  2241 | D:3      | Killed Crazy Yiuf
  2474 | D:3      | Found a faded altar of an unknown god.
  2765 | D:4      | Noticed Menkaure
  2777 | D:4      | HP: 1/43 [Menkaure (13)]
  3045 | D:4      | Reached skill level 5 in Unarmed Combat
  3056 | D:4      | Reached skill level 5 in Shapeshifting
  3154 | D:4      | Found an ornate altar of the Wu Jian Council.
  3232 | D:4      | Slain by Menkaure

Illustrated notes

Levels and vault maps discovered:
D:1:      dpeg_arrival_ratfight, layout_loops_ring
D:2:      layout_loops_cross, patterned_corridor
D:3:      minmay_angry_zag, layout_basic,
          dreamdust_ecumenical_altar_hidden_monk_grotto, uniq_natasha,
          uniq_crazy_yiuf_cottage
D:4:      layout_layer_cave, grunt_temple_overflow_magic_moments,
          nzn_wu_jian_contemplation, mainiacjoe_overflow_alcove_4, uniq_menkaure

Skill      XL: |  1  2  3  4  5  6 |
---------------+-------------------+-----
Unarmed Combat | 3 4 5 |  5.3
Shapeshifting  | 3 4 5 |  5.0
Fighting       | |  1.0
Dodging        | |  1.7

Action                     |  1- 3 |  4- 6 || total
---------------------------+-------+-------++-------
  Melee: Unarmed           |    93 |    85 ||   178
         Punch             |     1 |     5 ||     6
Ability: Begin Untransform |     1 |       ||     1
    Use: Scroll            |       |     8 ||     8
         Potion            |       |     2 ||     2
 Armour: Animal skin       |     6 |       ||     6
         Plate armour      |    86 |    68 ||   154
         Skin              |       |     2 ||     2
  Dodge: Dodged            |    35 |    17 ||    52
   Form: Beast             |     1 |       ||     1
